[ AOE2 MATCH · #472015114 ]
1v1 RMBulgarians vs Malians
Player's team · LOSS
Rival team · WIN
[ REPLAY ANALYSIS · EXTRACTED FROM THE RECORDED GAME ]
Feudal
11:00
Castle
17:32
Imperial
36:35
| APM avg | 22.5 |
| APM peak | 67 |
| eAPM avg | 12.7 |
| Villagers / military | 92 / 103 |
Focus
⚔️ 24.6% · 🌾 75.4%
Scout Cavalry ×67 · Knight ×21 · Scorpion ×9 · Trebuchet (Packed) ×3 · Monk ×2 · Militia ×1
Feudal
12:30
Castle
16:20
Imperial
37:26
| APM avg | 31.0 |
| APM peak | 91 |
| eAPM avg | 16.4 |
| Villagers / military | 120 / 68 |
Focus
⚔️ 25.8% · 🌾 74.2%
Camel Scout ×33 · Cavalry Archer ×13 · Scorpion ×10 · Monk ×9 · Mangonel ×1 · Spearman ×1
Match map
Initial resources + every placement click. Lines = walls · curves = elevation contours. ◆ gold · ⬟ stone · ● berries · ✦ relic · ◌ wall gap
Inputs per minute
— KENPACHI - - Wasabi セルポチグリス//
Build order — KENPACHI
First 150 of 271 actions detected
| 0:01 | Create | Villager (Male) |
| 0:01 | Create | Villager (Male) |
| 0:01 | Create | Villager (Male) |
| 0:02 | Create | Villager (Male) |
| 0:03 | Build | House |
| 0:05 | Build | House |
| 1:24 | Create | Villager (Male) |
| 2:00 | Build | Lumber Camp |
| 2:01 | Create | Villager (Male) |
| 2:16 | Create | Villager (Male) |
| 2:34 | Build | House |
| 2:49 | Create | Villager (Male) |
| 3:02 | Create | Villager (Male) |
| 3:32 | Create | Villager (Male) |
| 4:04 | Create | Villager (Male) |
| 4:04 | Create | Villager (Male) |
| 4:20 | Build | House |
| 4:25 | Create | Villager (Male) |
| 5:15 | Build | Mill |
| 5:30 | Create | Villager (Male) |
| 5:31 | Create | Villager (Male) |
| 5:57 | Create | Villager (Male) |
| 6:28 | Create | Villager (Male) |
| 6:46 | Create | Villager (Male) |
| 7:02 | Create | Villager (Male) |
| 7:27 | Create | Villager (Male) |
| 7:36 | Build | House |
| 7:40 | Research | Feudal Age |
| 7:44 | Create | Villager (Male) |
| 7:45 | Research | Feudal Age |
| 8:18 | Build | Mining Camp |
| 9:07 | Build | House |
| 9:45 | Build | Barracks |
| 10:27 | Build | Lumber Camp |
| 10:30 | Create | Villager (Male) |
| 10:41 | Build | House |
| 11:00 | Age | Feudal Age |
| 11:02 | Research | Double-Bit Axe |
| 11:13 | Research | Horse Collar |
| 11:17 | Build | House |
| 11:30 | Build | Farm |
| 11:31 | Create | Villager (Male) |
| 11:32 | Create | Villager (Male) |
| 11:45 | Build | Farm |
| 11:56 | Build | Farm |
| 12:15 | Create | Villager (Male) |
| 12:25 | Build | Blacksmith |
| 12:35 | Build | Farm |
| 12:43 | Create | Villager (Male) |
| 12:50 | Build | Farm |
| 13:09 | Create | Villager (Male) |
| 13:32 | Build | Market |
| 13:34 | Research | Loom |
| 13:43 | Build | Farm |
| 13:44 | Build | Farm |
| 14:00 | Build | Farm |
| 14:02 | Create | Villager (Male) |
| 14:09 | Create | Villager (Male) |
| 14:41 | Research | Castle Age |
| 14:47 | Build | House |
| 15:00 | Build | Farm |
| 15:05 | Build | Farm |
| 15:17 | Build | Mining Camp |
| 15:45 | Build | Stable |
| 16:23 | Build | House |
| 16:48 | Research | Scale Barding Armor |
| 16:49 | Research | Forging |
| 16:56 | Create | Villager (Male) |
| 17:14 | Build | House |
| 17:22 | Create | Militia |
| 17:32 | Age | Castle Age |
| 17:45 | Create | Knight |
| 17:59 | Build | Monastery |
| 18:04 | Build | House |
| 18:09 | Create | Villager (Male) |
| 18:10 | Create | Villager (Male) |
| 18:24 | Build | Krepost |
| 18:25 | Create | Knight |
| 18:26 | Create | Knight |
| 18:29 | Research | Husbandry |
| 18:35 | Create | Villager (Male) |
| 18:43 | Build | Town Center |
| 19:13 | Create | Villager (Male) |
| 19:28 | Create | Villager (Male) |
| 19:30 | Build | House |
| 19:31 | Create | Villager (Male) |
| 19:43 | Build | Town Center |
| 19:53 | Create | Monk |
| 20:17 | Build | Mining Camp |
| 20:22 | Create | Villager (Male) |
| 20:32 | Create | Villager (Male) |
| 20:36 | Research | Chain Barding Armor |
| 20:51 | Research | Fletching |
| 21:11 | Create | Villager (Male) |
| 21:16 | Build | Farm |
| 21:20 | Build | Farm |
| 21:22 | Build | Farm |
| 21:24 | Build | Farm |
| 21:24 | Create | Villager (Male) |
| 21:31 | Build | Farm |
| 21:32 | Build | Farm |
| 21:45 | Create | Villager (Male) |
| 21:52 | Create | Villager (Male) |
| 21:53 | Create | Villager (Male) |
| 21:53 | Create | Villager (Male) |
| 21:53 | Create | Villager (Male) |
| 22:00 | Build | Farm |
| 22:01 | Build | Farm |
| 22:03 | Build | Farm |
| 22:04 | Build | Farm |
| 22:05 | Build | Farm |
| 22:29 | Create | Villager (Male) |
| 22:29 | Create | Villager (Male) |
| 22:38 | Build | Farm |
| 22:57 | Create | Villager (Male) |
| 22:57 | Create | Villager (Male) |
| 22:58 | Create | Villager (Male) |
| 22:58 | Create | Villager (Male) |
| 23:00 | Build | Farm |
| 23:15 | Create | Villager (Male) |
| 23:34 | Create | Scout Cavalry |
| 23:34 | Create | Scout Cavalry |
| 23:50 | Build | Stable |
| 23:52 | Create | Villager (Male) |
| 23:52 | Create | Villager (Male) |
| 24:10 | Research | Wheelbarrow |
| 24:23 | Create | Villager (Male) |
| 24:23 | Create | Villager (Male) |
| 24:31 | Create | Knight |
| 24:42 | Build | Mill |
| 24:44 | Build | Farm |
| 24:44 | Build | Farm |
| 24:52 | Build | Farm |
| 25:03 | Build | Farm |
| 25:04 | Create | Villager (Male) |
| 25:04 | Create | Villager (Male) |
| 25:04 | Create | Villager (Male) |
| 25:04 | Create | Villager (Male) |
| 25:09 | Build | House |
| 25:10 | Create | Villager (Male) |
| 25:20 | Create | Knight |
| 25:41 | Create | Villager (Male) |
| 25:41 | Create | Villager (Male) |
| 25:45 | Build | Farm |
| 25:47 | Create | Villager (Male) |
| 25:52 | Build | House |
| 26:02 | Create | Knight |
| 26:02 | Create | Knight |
| 26:11 | Create | Villager (Male) |
| 26:24 | Build | Mill |
Build order — Wasabi セルポチグリス//
First 150 of 344 actions detected
| 0:00 | Create | Villager (Male) |
| 0:01 | Create | Villager (Male) |
| 0:01 | Create | Villager (Male) |
| 0:02 | Build | House |
| 0:04 | Build | House |
| 0:30 | Create | Villager (Male) |
| 0:30 | Create | Villager (Male) |
| 1:26 | Create | Villager (Male) |
| 1:26 | Create | Villager (Male) |
| 1:46 | Build | Lumber Camp |
| 1:59 | Create | Villager (Male) |
| 2:15 | Create | Villager (Male) |
| 3:02 | Build | House |
| 3:09 | Create | Villager (Male) |
| 3:10 | Research | Loom |
| 3:10 | Create | Villager (Male) |
| 3:14 | Research | Loom |
| 3:43 | Build | Palisade Gate |
| 3:51 | Create | Villager (Male) |
| 3:52 | Create | Villager (Male) |
| 5:09 | Build | House |
| 5:12 | Build | Palisade Wall |
| 5:20 | Create | Villager (Male) |
| 5:20 | Create | Villager (Male) |
| 6:06 | Create | Villager (Male) |
| 6:06 | Create | Villager (Male) |
| 6:40 | Build | Mill |
| 6:54 | Create | Villager (Male) |
| 6:54 | Create | Villager (Male) |
| 7:28 | Create | Villager (Male) |
| 7:29 | Create | Villager (Male) |
| 8:18 | Create | Villager (Male) |
| 8:18 | Create | Villager (Male) |
| 9:01 | Create | Villager (Male) |
| 9:10 | Build | House |
| 9:23 | Create | Villager (Male) |
| 9:37 | Build | Farm |
| 9:38 | Build | Farm |
| 9:39 | Build | Farm |
| 9:39 | Build | Farm |
| 9:55 | Build | Mining Camp |
| 10:03 | Build | Farm |
| 10:10 | Research | Feudal Age |
| 10:37 | Build | Farm |
| 10:40 | Build | Farm |
| 11:01 | Build | Farm |
| 11:06 | Build | House |
| 12:30 | Age | Feudal Age |
| 12:32 | Build | House |
| 12:38 | Build | Blacksmith |
| 12:44 | Build | Market |
| 12:49 | Create | Villager (Male) |
| 12:49 | Create | Villager (Male) |
| 13:40 | Research | Castle Age |
| 13:59 | Build | Barracks |
| 14:17 | Research | Double-Bit Axe |
| 14:26 | Research | Horse Collar |
| 15:23 | Build | Archery Range |
| 15:34 | Create | Villager (Male) |
| 15:34 | Create | Villager (Male) |
| 16:04 | Build | Archery Range |
| 16:18 | Create | Spearman |
| 16:20 | Age | Castle Age |
| 16:25 | Create | Villager (Male) |
| 16:35 | Create | Cavalry Archer |
| 16:35 | Create | Cavalry Archer |
| 16:51 | Create | Villager (Male) |
| 16:51 | Create | Villager (Male) |
| 17:01 | Create | Cavalry Archer |
| 17:01 | Create | Cavalry Archer |
| 17:16 | Build | House |
| 17:18 | Create | Villager (Male) |
| 17:59 | Create | Villager (Male) |
| 18:09 | Build | Monastery |
| 18:26 | Research | Fletching |
| 18:36 | Create | Villager (Male) |
| 18:52 | Build | Town Center |
| 18:57 | Create | Villager (Male) |
| 18:57 | Create | Villager (Male) |
| 19:25 | Research | Bodkin Arrow |
| 19:28 | Create | Cavalry Archer |
| 19:28 | Create | Cavalry Archer |
| 19:28 | Create | Cavalry Archer |
| 19:31 | Create | Monk |
| 19:31 | Create | Monk |
| 19:55 | Create | Villager (Male) |
| 19:55 | Create | Villager (Male) |
| 19:55 | Create | Villager (Male) |
| 19:56 | Create | Villager (Male) |
| 19:56 | Create | Villager (Male) |
| 19:56 | Create | Villager (Male) |
| 19:57 | Create | Villager (Male) |
| 19:57 | Create | Villager (Male) |
| 20:22 | Create | Monk |
| 21:10 | Create | Monk |
| 21:10 | Create | Monk |
| 21:13 | Build | House |
| 21:19 | Create | Villager (Male) |
| 21:19 | Create | Villager (Male) |
| 21:19 | Create | Villager (Male) |
| 21:20 | Create | Villager (Male) |
| 21:22 | Build | House |
| 21:23 | Build | House |
| 21:23 | Build | House |
| 21:23 | Build | House |
| 21:39 | Build | House |
| 21:49 | Build | Siege Workshop |
| 22:11 | Create | Villager (Male) |
| 22:11 | Create | Villager (Male) |
| 22:14 | Create | Cavalry Archer |
| 22:14 | Create | Cavalry Archer |
| 22:14 | Create | Cavalry Archer |
| 22:23 | Build | House |
| 22:32 | Build | Farm |
| 22:32 | Build | Farm |
| 22:32 | Build | Farm |
| 22:33 | Build | Farm |
| 22:33 | Build | Farm |
| 22:33 | Build | Farm |
| 22:33 | Build | Farm |
| 22:53 | Create | Scorpion |
| 23:00 | Build | House |
| 23:24 | Build | Farm |
| 23:24 | Build | Farm |
| 23:24 | Build | Farm |
| 23:24 | Build | Farm |
| 23:25 | Build | Farm |
| 23:25 | Build | Farm |
| 23:25 | Build | Farm |
| 23:34 | Build | Palisade Wall |
| 23:36 | Build | Palisade Wall |
| 23:55 | Build | Palisade Wall |
| 23:57 | Build | Palisade Wall |
| 24:08 | Build | Farm |
| 24:10 | Research | Bow Saw |
| 24:15 | Build | Farm |
| 24:15 | Build | Farm |
| 24:15 | Build | Farm |
| 24:24 | Build | House |
| 24:31 | Build | Lumber Camp |
| 24:42 | Create | Mangonel |
| 25:05 | Build | Farm |
| 25:06 | Build | Farm |
| 25:06 | Build | Farm |
| 25:26 | Research | Wheelbarrow |
| 25:28 | Create | Villager (Male) |
| 25:28 | Create | Villager (Male) |
| 25:29 | Create | Villager (Male) |
| 25:29 | Create | Villager (Male) |
| 25:30 | Create | Villager (Male) |
Match timeline
| 5:12 | Wasabi セルポチグリス// · wall_segment Palisade Wall x6 |
| 9:45 | KENPACHI · first_building Barracks |
| 11:00 | KENPACHI · age_up feudal |
| 12:30 | Wasabi セルポチグリス// · age_up feudal |
| 13:59 | Wasabi セルポチグリス// · first_building Barracks |
| 14:39 | KENPACHI · first_market_sell 100 wood |
| 15:23 | Wasabi セルポチグリス// · first_building Archery Range |
| 15:45 | KENPACHI · first_building Stable |
| 16:20 | Wasabi セルポチグリス// · age_up castle |
| 17:32 | KENPACHI · age_up castle |
| 17:59 | KENPACHI · first_building Monastery |
| 18:09 | Wasabi セルポチグリス// · first_building Monastery |
| 18:24 | KENPACHI · first_building Krepost |
| 21:49 | Wasabi セルポチグリス// · first_building Siege Workshop |
| 21:50 | KENPACHI · first_market_buy 100 food |
| 23:34 | Wasabi セルポチグリス// · wall_segment Palisade Wall x4 |
| 23:36 | Wasabi セルポチグリス// · wall_segment Palisade Wall x4 |
| 23:55 | Wasabi セルポチグリス// · wall_segment Palisade Wall x1 |
| 23:57 | Wasabi セルポチグリス// · wall_segment Palisade Wall x4 |
| 24:40 | Wasabi セルポチグリス// · first_market_buy 100 wood |
| 30:25 | KENPACHI · first_building Castle |
| 31:33 | Wasabi セルポチグリス// · first_building Stable |
| 33:13 | KENPACHI · first_building Siege Workshop |
| 34:31 | Wasabi セルポチグリス// · first_building Castle |
| 35:23 | Wasabi セルポチグリス// · wall_segment Palisade Wall x1 |
| 36:35 | KENPACHI · age_up imperial |
| 37:26 | Wasabi セルポチグリス// · age_up imperial |
| 39:50 | Wasabi セルポチグリス// · first_market_sell 500 food |
| 41:31 | KENPACHI · resign |
[ AI ANALYSIS · 1 CREDIT ]
What really happened in this match?
Wolo.gg analyzes every decision: build order, eco, micro, common mistakes by bracket. Personalized analysis on WhatsApp or Discord in 30 seconds.
Civ guide
Bulgarians
Map guide
Glade
Perfil
KENPACHI